 Dungeon Crawl Stone Soup version 0.31.0-9-g3a7656b989 (webtiles) character file.

Game seed: 15100022713474823930

362 qw the Shooter (level 6, -2/30 HPs)
             Began as a Spriggan Hunter on Feb 2, 2024.
             Slain by a gnoll bouda
             ... wielding a +0 club
              (5 damage)
             ... on level 4 of the Dungeon.
             The game lasted 00:00:13 (3176 turns).

qw the Shooter (Spriggan Hunter)                    Turns: 3176, Time: 00:00:14

Health: -2/30      AC:  2    Str:  7    XL:     6   Next: 39%
Magic:  7/7        EV: 21    Int: 11    God:
Gold:   119        SH:  0    Dex: 20    Spells: 5/5 levels left

rFire   . . .        a - +0 shortbow
rCold   . . .        (shield currently unavailable)
rNeg    . . .        c - +0 robe
rPois   .            (helmet restricted)
rElec   .            (no cloak)
rCorr   .            (gloves unavailable)
SInv    +            (boots unavailable)
Will    +....        (no amulet)
Stlth   ++           (no ring)
HPRegen 0.25/turn    (no ring)
MPRegen 0.10/turn

%: no passive effects
@: weakened, very quick
A: very small, no large weapons, unfitting armour, see invisible, speed 3
a: no special abilities


You were on level 4 of the Dungeon.
You visited 1 branch of the dungeon, and saw 4 of its levels.
You also visited: Sewer.

You collected 119 gold pieces.


Innate Abilities, Weirdness & Mutations

You are very small and have problems with some larger weapons.
You are too small for most types of armour.
You have supernaturally acute eyesight. (SInv)
You cover ground extremely quickly. (Speed+++)


   Skills:
 - Level 2.0 Fighting
 + Level 6.3 Ranged Weapons
 - Level 6.0 Dodging
 - Level 1.5 Stealth


You had 5 spell levels left.
You didn't know any spells.
Your spell library was empty.

Inventory:

Hand Weapons
 a - a +0 shortbow (weapon)
Armour
 c - a +0 robe (worn)
Potions
 d - 2 potions of resistance {unknown}
 i - a potion of mutation {unknown}

Dungeon Overview and Level Annotations

Branches:
Dungeon (4/15)              Sewer (visited)
 Temple: D:4-7

Altars:
Vehumet

Shops:
D:3 (


Message History

The arrow hits the gnoll but does no damage.
The gnoll is heavily wounded.
You hear a shout!
The gnoll bouda calls upon its god to heal the gnoll.
The gnoll's wounds heal themselves!
You shoot an arrow. The arrow barely misses the gnoll.
The gnoll closely misses you.
You shoot an arrow. The arrow hits the gnoll.
The gnoll is moderately wounded.
The gnoll hits you from afar with a +0 halberd!
You shoot an arrow. The arrow barely misses the gnoll.
The gnoll bouda barks out a call to the hunt!
The gnoll picks up the pace!
A gnoll comes into view. It is wielding a +0 whip.
The gnoll hits you from afar with a +0 halberd!
You shoot an arrow. The arrow barely misses the gnoll.
The gnoll completely misses you.
You shoot an arrow. The arrow hits the gnoll.
The gnoll is heavily wounded.
The gnoll misses you.
A gnoll comes into view. It is wielding a +0 spear.
You shoot an arrow. The gnoll shouts!
The arrow hits the gnoll!
You kill the gnoll!
The gnoll bouda gazes fiercely through you!
You feel your attacks grow feeble.
You shoot an arrow.
The arrow closely misses the gnoll bouda.
The arrow hits the gnoll.
The gnoll is moderately wounded.
The gnoll hits you with a +0 whip.
The gnoll bouda hits you with a +0 club!
You shoot an arrow. The arrow hits the gnoll.
The gnoll is almost dead.
The gnoll completely misses you.
The gnoll bouda gazes fiercely through you!
You feel as though you will be weak longer.
The gnoll bouda hits you with a +0 club.
You die...

.. ... ...#############
#....................
#....................
#....................
####.............g......
................@gg..#
..?.............######
......%.........#
................#
.....%..........###+
#..........####.......[
#..........# #........
#..........# #........
#..........#+##........


You could see a gnoll bouda and 2 gnolls.

Vanquished Creatures
  A phantom (D:4)
  A kobold brigand (Sewer)
  A scorpion (D:3)
  A gnoll (D:4)
  8 adders
  A dart slug (D:1)
  2 ribbon worms (D:2)
  5 bats
  6 endoplasms
  7 giant cockroaches
  5 goblins
  4 hobgoblins
  2 jackals
  2 quokkas
  2 ball pythons
  6 frilled lizards
  15 kobolds
  7 rats
76 creatures vanquished.

Notes
Turn   | Place    | Note
-------+----------+-------------------------------------------
     0 | D:1      | qw the Spriggan Hunter began the quest for the Orb.
     0 | D:1      | Reached XP level 1. HP: 10/10 MP: 2/2
     0 | D:1      | 0 ||| qw: Version: 0.3-a-155-g5e7d8dd
     0 | D:1      | 0 ||| qw: Game counter: 874
     0 | D:1      | 0 ||| qw: Melee chars always use a shield: true
     0 | D:1      | 0 ||| qw: God list: Okawaru
     0 | D:1      | 0 ||| qw: Allow faded altars: false
     0 | D:1      | 0 ||| qw: Do Orc after clearing Dungeon:15 true
     0 | D:1      | 0 ||| qw: Do second Lair branch before Depths: true
     0 | D:1      | 0 ||| qw: Lair rune preference: random
     0 | D:1      | 0 ||| qw: Goals: Normal
     0 | D:1      | 0 ||| PLANNING D:1-11
    26 | D:1      | Reached skill level 3 in Dodging
    61 | D:1      | You fall into a shaft and drop 1 floor!
   179 | D:2      | Reached XP level 2. HP: 12/14 MP: 3/3
   212 | D:2      | 212 ||| FLEEEEING.
   213 | D:2      | 213 ||| FLEEEEING.
   214 | D:2      | 214 ||| FLEEEEING.
   215 | D:2      | 215 ||| FLEEEEING.
   216 | D:2      | 216 ||| STAIRDANCE
   227 | D:1      | Found a faded altar of an unknown god.
   383 | D:1      | Reached XP level 3. HP: 18/18 MP: 4/4
  1120 | D:1      | 1120 ||| DROPPING scroll of butterflies.
  1152 | D:2      | 1152 ||| STAIRDANCE
  1247 | D:2      | Identified the +3 whip of the World {holy, rElec rPois
                  | Stlth+}
  1296 | D:2      | Found a radiant altar of Vehumet.
  1659 | D:2      | 1659 ||| READING scroll labelled YNGIX ASUPLET.
  1660 | D:2      | 1660 ||| READING scroll labelled OCAUPS QAWID.
  1660 | D:2      | 1660 ||| IDENTIFYING yellow potion
  1662 | D:2      | 1662 ||| Stepping ~*~*~tactically~*~*~ (cloud).
  1733 | D:3      | 1733 ||| PLANNING SEWER
  1795 | D:3      | Found Xexzamy's Weapon Shop.
  1795 | D:3      | Noticed a +0 executioner's axe
  1795 | D:3      | Noticed a +0 demon trident
  1814 | D:3      | Reached XP level 4. HP: 22/22 MP: 5/5
  1827 | D:3      | Found a glowing drain.
  1851 | Sewer    | Entered a sewer
  1907 | Sewer    | Noticed a kobold brigand
  1915 | Sewer    | Killed a kobold brigand
  1916 | Sewer    | Reached XP level 5. HP: 25/25 MP: 6/6
  2040 | Sewer    | HP: 6/26 [kobold/+0 dagger (2)]
  2041 | Sewer    | 2041 ||| DRINKING potion of heal wounds.
  2123 | Sewer    | 2123 ||| READING scroll of identify.
  2123 | Sewer    | 2123 ||| IDENTIFYING glowing inky potion
  2124 | Sewer    | 2124 ||| READING scroll labelled ZUD TIUNLOI.
  2127 | Sewer    | 2127 ||| READING scroll labelled LOSHUX IKOLUNO.
  2128 | Sewer    | 2128 ||| DRINKING 2 silvery potions.
  2129 | Sewer    | 2129 ||| DROPPING potion of invisibility.
  2152 | D:3      | 2152 ||| PLANNING D:1-11
  3035 | D:3      | 3035 ||| READING scroll of identify.
  3035 | D:3      | 3035 ||| IDENTIFYING murky ruby potion
  3036 | D:3      | 3036 ||| READING scroll labelled MUASOO GEICZYDE.
  3037 | D:3      | 3037 ||| DROPPING potion of brilliance.
  3101 | D:4      | Noticed a phantom
  3107 | D:4      | 3107 ||| DRINKING potion of haste.
  3114 | D:4      | HP: 6/26 [poisoned by an adder]
  3115 | D:4      | 3115 ||| DRINKING potion of heal wounds.
  3118 | D:4      | Killed a phantom
  3119 | D:4      | Reached skill level 6 in Ranged Weapons
  3119 | D:4      | Reached XP level 6. HP: 26/30 MP: 7/7
  3123 | D:4      | 3123 ||| FLEEEEING.
  3124 | D:4      | 3124 ||| FLEEEEING.
  3126 | D:4      | 3126 ||| FLEEEEING.
  3127 | D:4      | 3127 ||| FLEEEEING.
  3132 | D:4      | Reached skill level 6 in Dodging
  3175 | D:4      | HP: 3/30 [gnoll bouda/+0 club (7)]
  3176 | D:4      | Slain by a gnoll bouda

Levels and vault maps discovered:
D:1:      amcnicky_arrival_feature_with_door, layout_basic,
          chequers_ecumenical_altar_simple, serial_bayou_lake_a
D:2:      layout_basic, basic_altar
D:3:      layout_basic, serial_shops, nicolae_shop_mannequins,
          mainiacjoe_sewer_entry_somewhere_in_here_1, serial_co_window_serial,
          co_window_paths_a, co_window_of_opportunity_a, co_window_corner_a,
          co_window_corner_a, co_window_paths_b, co_window_paths_a,
          co_window_paths_a, co_window_corner_a, co_window_paths_a,
          co_window_corner_b, co_window_broadway_c, co_window_unsneaky_path_e,
          co_window_of_opportunity_c, co_window_corner_b, co_window_paths_d,
          glass_columns_b, glass_columns_b, glass_columns_b, glass_columns_a,
          glass_columns_a
D:4:      layout_gridville, minivault_5

Skill      XL: |  1  2  3  4  5  6 |
---------------+-------------------+-----
Dodging        | 4 5 6 |  6.0
Ranged Weapons | 5 6 |  6.3
Fighting       | 2 |  2.0
Stealth        | |  1.5

Action                     |  1- 3 |  4- 6 || total
---------------------------+-------+-------++-------
   Fire: Shortbow          |    97 |   136 ||   233
    Use: Scroll            |     2 |     5 ||     7
         Potion            |       |     4 ||     4
 Armour: Robe              |    10 |    39 ||    49
  Dodge: Dodged            |    16 |   116 ||   132

Table legend:
 A = Non-vault XP
 B = Vault XP
 C = Vault XP percentage of total XP
 D = Non-vault monster count
 E = Vault monster count
 F = Vault count percentage of total count
                 A         B        C        D         E       F
            +---------+---------+-------+---------+---------+-------
      Total |     375 |     143 |  27.6 |      53 |      23 |  30.3
            +---------+---------+-------+---------+---------+-------
        D:1 |      34 |       0 |   0.0 |      19 |       0 |   0.0
        D:2 |      41 |       0 |   0.0 |      15 |       0 |   0.0
        D:3 |     140 |      19 |  11.9 |      12 |       6 |  33.3
        D:4 |     160 |       0 |   0.0 |       7 |       0 |   0.0
      Sewer |       0 |     124 | 100.0 |       0 |      17 | 100.0
            +---------+---------+-------+---------+---------+-------
